 Dungeon Crawl Stone Soup version 0.27.0-1-g7a089689b8 (webtiles) character file.

Game seed: 13013047109246351484

169 hawla the Sneak (level 5, 0/32 HPs)
             Began as a Deep Elf Delver on Aug 6, 2021.
             Slain by an orc (7 damage)
             ... on level 4 of the Dungeon.
             The game lasted 00:12:08 (4876 turns).

hawla the Sneak (Deep Elf Delver)                   Turns: 4876, Time: 00:12:09

Health: 0/32       AC:  4    Str:  9    XL:     5   Next: 25%
Magic:  7/7        EV: 13    Int: 19    God:
Gold:   69         SH:  0    Dex: 16    Spells: 0/4 levels left

rFire    . . .     SeeInvis .   a - +0 short sword
rCold    + . .     Faith    .   (no shield)
rNeg     . . .     Spirit   .   d - +0 robe
rPois    .         Reflect  .   b - +0 helmet {Int+3}
rElec    .         Harm     .   (no cloak)
rCorr    .         Rampage  .   l - +0 pair of gloves
Will     .....                  (no boots)
Stlth    ++++......             (no amulet)
HPRegen  0.10/turn              f - ring of protection from cold
MPRegen  0.10/turn              (no ring)

@: no status effects
A: no striking features
a: no special abilities


You were on level 4 of the Dungeon.
You visited 1 branch of the dungeon, and saw 5 of its levels.

You collected 69 gold pieces.

Inventory:

Hand Weapons
 a - a +0 short sword (weapon)
Missiles
 k - 5 javelins (quivered)
 s - 7 boomerangs
Armour
 b - a +0 helmet of intelligence (worn)
 d - a +0 robe (worn)
 l - a +0 pair of gloves (worn)
Jewellery
 f - a ring of protection from cold (left hand)
Wands
 g - a wand of digging (2)
Scrolls
 c - a scroll of fog
 h - a scroll of magic mapping
Potions
 i - a potion of brilliance
 n - 2 potions of cancellation
 p - a potion of haste
 q - a potion of mutation


   Skills:
 + Level 2.8 Fighting
 + Level 3.2 Short Blades
 + Level 1.2 Throwing
 + Level 3.5 Dodging
 + Level 7.3 Stealth
 + Level 0.4 Spellcasting


You couldn't memorise any spells.
You knew the following spells:

 Your Spells              Type           Power      Damage    Failure   Level
a - Pain                  Necr           0%         1d4       21%         1
b - Vampiric Draining     Necr           0%         2d6       52%         3

Your spell library contained the following spells:

 Spells                   Type           Power      Damage    Failure   Level
 Animate Skeleton         Necr           0%         N/A       21%         1
 Summon Small Mammal      Summ           0%         N/A       21%         1
 Call Canine Familiar     Summ           0%         N/A       52%         3
 Summon Guardian Golem    Hex/Summ       0%         N/A       52%         3


Dungeon Overview and Level Annotations

Branches:
Dungeon (5/15)
 Temple: D:4-7

Altars:

Shops:
D:3 *:?(

Annotations:
D:3 Crazy Yiuf


Message History

The orc hits you with a +0 mace.
You hit the orc but do no damage.
The orc is heavily wounded.
The orc hits you with a +0 mace. The orc hits you but does no damage.
You hit the orc.
The orc is almost dead.
The orc hits you with a +0 mace. The orc hits you with a +0 whip.
The orc misses you.
You closely miss the orc.
The orc is almost dead.
The orc barely misses you. The orc hits you with a +0 mace.
The orc hits you with a +0 war axe.
Okay, then.
The orc misses you.
Throw: 7 javelins
Press: ? - help, Q - select action, (/) - cycle Shift-Dir - straight line, f - orc
Aim: an orc, wielding a +0 whip (60% to hit)
You throw a javelin. The kobold shouts!
The javelin pierces through the orc but does no damage.
The orc is almost dead.
The javelin barely misses the orc.
The orc hits you with a +0 mace.
* * * LOW HITPOINT WARNING * * *
The orc completely misses you.
Throw: 6 javelins
Press: ? - help, Q - select action, (/) - cycle Shift-Dir - straight line, f/p - orc
Aim: an orc, wielding a +0 whip (60% to hit)
You throw a javelin. The javelin pierces through the orc.
You kill the orc!
The javelin pierces through the orc!
You kill the orc!
An ufetubus comes into view.
The kobold throws a stone.
The stone hits you but does no damage.
The orc throws a boomerang.
The boomerang hits you but does no damage.
The kobold throws a stone.
The stone closely misses you.
As you read the scroll of fog, it crumbles to dust.
The scroll dissolves into smoke.
The orc hits you with a +0 war axe!
You die...

##....## *,,,,,,,
##..#######..,,,,,
#..(........,,***
#.....####..,** #..#### **,,**
##.####### **,,** *****
#§§......###**,,** **,,,**
#o#)..<.....,**,,*
***,,,,,**#@##........,,,*,,
***,,,,,,,*#§§###.......,,,**,
**,,,,,,,,,,#§##
*.......,,**** *,,,,,,,,,,,..*
*#######*** * *,,,,,,,,,,...*
* **,,,,,,,,....* *
*,,,,,,,...K.* *
**,,,,,5.....* ********** *
**,,,,,,,,,,** **,,,,,,,,* *


You could see an orc.

Vanquished Creatures
  Jessica (D:2)
  Terence (D:2)
  6 adders
  A gnoll (D:1)
  A worm (D:3)
  2 dart slugs
  4 orcs (D:4)
  7 bats
  An endoplasm (D:3)
  2 giant cockroaches
  5 hobgoblins
  2 jackals
  3 quokkas
  5 ball pythons (D:2)
  2 frilled lizards (D:2)
  A goblin (D:1)
  2 kobolds
  5 rats
51 creatures vanquished.

Notes
Turn   | Place    | Note
-------+----------+-------------------------------------------
     0 | D:5      | hawla the Deep Elf Delver began the quest for the Orb.
     0 | D:5      | Reached XP level 1. HP: 13/13 MP: 3/3
   376 | D:3      | Found Seras's Antique Weapon Shoppe.
   777 | D:3      | Reached XP level 2. HP: 18/18 MP: 4/4
  1394 | D:1      | Reached XP level 3. HP: 22/22 MP: 5/5
  1529 | D:1      | You fall into a shaft and drop 1 floor!
  1831 | D:1      | Found a faded altar of an unknown god.
  2025 | D:2      | Noticed Terence
  2219 | D:3      | Found a runed translucent door.
  2220 | D:3      | Noticed Crazy Yiuf
  2350 | D:3      | Found Ruokk's General Store.
  2766 | D:3      | Found Lotozeme's Book Shoppe.
  2817 | D:3      | Found Haafioj's Magic Scroll Shop.
  2852 | D:2      | Noticed Jessica
  2855 | D:2      | Killed Jessica
  2856 | D:2      | Reached skill level 7 in Stealth
  2889 | D:2      | Reached XP level 4. HP: 27/27 MP: 6/6
  3458 | D:2      | Killed Terence
  3680 | D:3      | HP: 1/27 [Crazy Yiuf (7)]
  3930 | D:4      | Reached skill level 1 in Throwing
  3930 | D:4      | Reached XP level 5. HP: 9/31 MP: 7/7
  4190 | D:3      | Learned a level 1 spell: Pain
  4194 | D:3      | Learned a level 3 spell: Vampiric Draining
  4876 | D:4      | Slain by an orc

Illustrated notes

Levels and vault maps discovered:
D:1:      dpeg_arrival_castle, layout_loops_ring, ebering_ecumenical_altar_hall
D:2:      layout_loops_ring, uniq_terence, uniq_jessica
D:3:      layout_basic, serial_shops, shop, shop, shop,
          nicolae_shop_statue_plus, uniq_crazy_yiuf_cottage
D:4:      layout_cave_pods, amethyst_killhole
D:5:      layout_rooms, mainiacjoe_overflow_cross_hatched, water_boxes_lemuel,
          uniq_blork_the_orc

Skill      XL: |  1  2  3  4 |
---------------+-------------+-----
Stealth        | 7 |  7.3
Short Blades   | 3 |  3.2
Dodging        | 3 |  3.5
Throwing       | 1 |  1.2
Fighting       | |  2.8
Spellcasting   | |  0.4

Action                   |  1- 3 |  4- 6 || total
-------------------------+-------+-------++-------
Melee: Short sword       |    85 |    67 ||   152
Throw: Javelin           |     3 |    32 ||    35
 Cast: Pain              |       |     6 ||     6
Evoke: Wand              |     1 |       ||     1
  Use: Scroll            |     2 |     9 ||    11
       Potion            |     3 |     3 ||     6
 Stab: Sleeping          |    15 |     1 ||    16
       Distracted        |       |     1 ||     1
Armor: Robe              |    26 |    18 ||    44
Dodge: Dodged            |    52 |    71 ||   123
